 Dungeon Crawl Stone Soup version 0.22-a0-469-gf26638a (webtiles) character file.

29967 vineage the Fighter (level 13, -3/199 HPs)
             Began as a Gargoyle Fighter on June 11, 2018.
             Was the Champion of Okawaru.
             Slain by a komodo dragon (17 damage)
             ... on level 3 of the Lair of Beasts.
             The game lasted 00:25:31 (13539 turns).

vineage the Fighter (Gargoyle Fighter)             Turns: 13539, Time: 00:25:31

Health: -3/199     AC: 26    Str: 28    XL:     13   Next: 48%
Magic:  13/13      EV:  2    Int:  9    God:    Okawaru [******]
Gold:   1920       SH: 16    Dex: 13    Spells: 12/12 levels left

rFire    . . .     SeeInvis .   F - +1 whip (flame)
rCold    . . .     Gourm    .   c - +1 shield
rNeg     + + +     Faith    .   (armour currently unavailable)
rPois    ∞         Spirit   .   (helmet currently unavailable)
rElec    .         Reflect  .   (cloak currently unavailable)
rCorr    .         Harm     .   (gloves currently unavailable)
MR       .....     NoTele   +   (boots currently unavailable)
Stlth    ..........             A - amulet of magic regeneration
HPRegen  0.43/turn              H - ring of flight
MPRegen  0.38/turn              (no ring)

@: berserking, tree-form, heroism, very slightly contaminated, hasted,
invisible, very quick
A: agile 1, negative energy resistance 1, petrification resistance, rot
immunity, AC +9
a: Heroism, Finesse, Renounce Religion


You were on level 3 of the Lair of Beasts.
You worshipped Okawaru.
Okawaru was exalted by your worship.
You were not hungry.
You were a tree.
You visited 2 branches of the dungeon, and saw 14 of its levels.

You collected 1920 gold pieces.

Inventory:

Hand Weapons
 h - a +4 whip of holy wrath
 n - a +0 whip of holy wrath
 u - a +2 broad axe of chopping
 F - a +1 whip of flaming (weapon)
 K - a +4 dire flail of protection
Missiles
 p - 7 steel tomahawks (quivered)
Armour
 c - a +1 shield (worn)
 k - a +0 pair of gloves (melded)
 o - a +0 helmet (melded)
 J - a +0 plate armour of fire resistance (melded)
 P - a +0 pair of boots of running (melded)
Jewellery
 A - an amulet of magic regeneration (around neck)
 H - a ring of flight (left branch)
Wands
 a - a wand of polymorph (16)
 y - a wand of paralysis (43)
 D - a wand of clouds (5)
 L - a wand of acid (12)
 O - a wand of random effects (22)
Scrolls
 i - 2 scrolls of blinking
 m - 2 scrolls of enchant armour
 s - 3 scrolls of remove curse
 t - 4 scrolls of teleportation
 v - a scroll of noise
 x - 3 scrolls of amnesia
 G - 2 scrolls of magic mapping
Potions
 b - a potion of resistance {unknown}
 d - 4 potions of might
 e - 2 potions of agility
 g - a potion of lignification
 l - 2 potions of cancellation
 q - a potion of invisibility
 r - 3 potions of brilliance
 N - a potion of haste
Comestibles
 f - 27 rations


   Skills:
 * Level 13.7(18.7) Fighting
 + Level 12.9(17.9) Maces & Flails
 + Level 9.2(14.2) Armour
 + Level 12.4(17.4) Shields
 + Level 1.1 Invocations
 + Level 0.1 Evocations


You had 12 spell levels left.
You didn't know any spells.
Your spell library contained the following spells:

 Spells                   Type           Power        Failure   Level  Hunger
 Cause Fear               Hex            #.........   99%         4    #####..
 Magic Dart               Conj           #...         38%         1    ##.....
 Apportation              Tloc           #.....       38%         1    ##.....
 Conjure Flame            Conj/Fire      #.......     77%         3    ####...
 Lightning Bolt           Conj/Air       #.........   100%        5    ######.
 Bolt of Magma            Conj/Fire/Erth #.........   100%        5    ######.
 Freezing Cloud           Conj/Ice/Air   #.........   100%        6    #######
 Mephitic Cloud           Conj/Pois/Air  #.......     77%         3    ####...
 Ring of Flames           Chrm/Fire      #.........   100%        7    #######
 Venom Bolt               Conj/Pois      #.........   100%        5    ######.
 Summon Small Mammal      Summ           #...         38%         1    ##.....
 Iskenderun's Mystic Bla  Conj           #.......     99%         4    #####..
 Animate Dead             Necr           N/A          99%         4    #####..
 Pain                     Necr           #...         38%         1    ##.....
 Animate Skeleton         Necr           N/A          38%         1    ##.....
 Vampiric Draining        Necr           #.........   77%         3    ####...
 Summon Ice Beast         Ice/Summ       #.......     99%         4    #####..
 Call Imp                 Summ           #.......     52%         2    ###....
 Regeneration             Chrm/Necr      #.........   77%         3    ####...
 Iron Shot                Conj/Erth      #.........   100%        6    #######
 Shock                    Conj/Air       #...         38%         1    ##.....
 Swiftness                Chrm/Air       #.......     52%         2    ###....
 Deflect Missiles         Chrm/Air       #.........   100%        6    #######
 Airstrike                Air            #.........   99%         4    #####..
 Confusing Touch          Hex            #.....       38%         1    ##.....
 Call Canine Familiar     Summ           #.......     77%         3    ####...
 Silence                  Hex/Air        #.........   100%        5    ######.
 Static Discharge         Conj/Air       #.......     77%         3    ####...
 Orb of Destruction       Conj           #.........   100%        7    #######
 Iskenderun's Battlesphe  Conj/Chrm      #.......     100%        5    ######.
 Fulminant Prism          Conj/Hex       #.........   99%         4    #####..
 Dazzling Spray           Conj/Hex       #.....       77%         3    ####...
 Force Lance              Conj/Tloc      #.......     99%         4    #####..
 Searing Ray              Conj           #.....       52%         2    ###....
 Discord                  Hex            #.........   100%        8    #######
 Summon Lightning Spire   Summ/Air       #.......     99%         4    #####..
 Summon Guardian Golem    Hex/Summ       #.......     77%         3    ####...
 Spellforged Servitor     Conj/Summ      #.........   100%        7    #######
 Yara's Violent Unravell  Hex/Tmut       #.........   100%        5    ######.
 Poisonous Vapours        Pois/Air       #.....       52%         2    ###....


Dungeon Overview and Level Annotations

Branches:
Dungeon (11/15)            Temple (0/1) D:5            Lair (3/6) D:11
  Snake (0/4) Lair:2          Orc (0/2) D:11
  Swamp: Lair:2-4    Shoals: Lair:2-4

Altars:
Ashenzari
Dithmenos
Kikubaaqudgha
Nemelex Xobeh
Okawaru
Qazlal
Ru
Trog
Yredelemnul
Zin

Shops:
D:7 (   D:8 }   D:11 }

Annotations:
D:9 1 runed door


Innate Abilities, Weirdness & Mutations

You are resistant to torment.
((Your stone body is resilient. (AC +9)))
You are immune to poison.
You resist negative energy. (rN+)
((You are resistant to electric shocks. (rElec)))
((You can survive without breathing.))
You are immune to petrification.
You are immune to rotting.
((You have sharp toenails.))
((You are partially covered in icy blue scales. (AC +2)))
You are agile. (Dex +2)


Message History

The six-headed hydra is almost dead.
Unknown command.
Unknown command.
You catch the helpless six-headed hydra completely off-guard!
You whack the six-headed hydra! You burn the six-headed hydra.
You kill the six-headed hydra!
Okawaru accepts your kill.
You whack the rime drake! You burn the rime drake.
The rime drake is heavily wounded.
You block the rime drake's attack. You block the komodo dragon's attack.
You strike the helpless rime drake from behind!
You hit the rime drake. You burn the rime drake.
The rime drake is heavily wounded.
You whack the rime drake! You burn the rime drake.
You kill the rime drake!
Okawaru accepts your kill.
You whack the komodo dragon! You burn the komodo dragon.
The komodo dragon is severely wounded.
The komodo dragon bites you!
You die...

..####.# ###......#
#........#
##...P....#
###.........#
##....÷....#.#
#....÷†....#.######
#..P......l†.......
......P.....#♣##.....
...#........†###.....
...##...####.........
.. .....# ##.Y....#
.....## #...#.##
..... #Y### # .....
.F. ..w.. .....#.


You could see a komodo dragon.

Vanquished Creatures
  Gastronok (D:8)
  A centaur warrior (D:9)
  5 hydras
  Erica (D:9)
  3 two-headed ogres
  The ghost of gmonis the Basher, a novice MiBe of Trog (D:9)
  Pikel (D:8)
  A manticore (D:10)
  An ugly thing (D:11)
  A cyclops (D:11)
  The ghost of zard0z the Jinx, a novice SpEn of Dithmenos (D:7)
  Maurice (D:9)
  3 black mambas
  A gargoyle (D:10)
  4 spiny frogs
  3 rime drakes
  5 komodo dragons
  An efreet (D:9)
  A tengu conjurer (D:9)
  3 trolls
  A queen bee (Lair:2)
  2 slime creatures (D:9)
  A hornet (D:11)
  5 hippogriffs
  2 shadows
  7 yaks
  A vampire (D:10)
  A basilisk (Lair:1)
  2 hungry ghosts
  Grum (D:10)
  4 nagas (Lair:2)
  An acid dragon (D:9)
  3 water moccasins
  5 orc warriors
  2 porcupines (Lair:2)
  A hornet zombie (D:6)
  4 ice beasts
  2 phantoms
  7 ogres
  A sky beast (D:9)
  2 necrophages (D:9)
  5 centaurs
  19 wolves
  5 crocodiles
  11 bullfrogs
  4 big kobolds
  A water moccasin skeleton (D:8)
  2 scorpions
  34 killer bees
  A wight (D:9)
  2 howler monkeys (D:9)
  5 crimson imps
  2 centaur zombies
  10 hounds
  3 jellies
  A centaur skeleton (D:9)
  2 bullfrog skeletons
  Jessica (D:2)
  2 iguanas (D:4)
  Natasha (thrice) (D:2)
  9 orc wizards
  9 worker ants
  A hound zombie (D:8)
  18 adders
  11 gnolls
  2 shadow imps (D:6)
  An ooze (D:1)
  An adder skeleton (D:4)
  2 adder zombies
  3 dart slugs
  A worm (D:2)
  6 leopard geckos
  29 orcs
  3 giant cockroaches
  4 goblins
  6 hobgoblins
  31 jackals
  2 quokkas
  A ball python (D:1)
  8 bats
  7 frilled lizards
  26 kobolds
  A leopard gecko skeleton (D:5)
  A leopard gecko zombie (D:6)
  A quokka zombie (D:9)
  9 rats
400 creatures vanquished.

Vanquished Creatures (others)
  2 slaves (D:8)
  An ogre (D:8)
  A jelly (D:9)
  A jackal (D:8)
  3 fungi
8 creatures vanquished.

Grand Total: 408 creatures vanquished

Notes
Turn   | Place    | Note
-------+----------+-------------------------------------------
     0 | D:1      | vineage the Gargoyle Fighter began the quest for the Orb.
     0 | D:1      | Reached XP level 1. HP: 14/14 MP: 1/1
    49 | D:1      | Reached XP level 2. HP: 20/20 MP: 2/2
   339 | D:1      | Reached skill level 4 in Fighting
   527 | D:1      | Reached XP level 3. HP: 24/24 MP: 3/3
   566 | D:1      | Found a sparkling altar of Nemelex Xobeh.
   895 | D:2      | Reached XP level 4. HP: 27/29 MP: 4/4
  1008 | D:2      | Noticed Natasha
  1018 | D:2      | Killed Natasha
  1135 | D:2      | Noticed Jessica
  1148 | D:2      | Killed Jessica
  1148 | D:2      | Reached XP level 5. HP: 31/34 MP: 5/5
  1316 | D:2      | Noticed Natasha
  1326 | D:2      | Killed Natasha
  1485 | D:2      | Noticed Natasha
  1494 | D:2      | Killed Natasha
  1577 | D:3      | Found a shadowy altar of Dithmenos.
  1835 | D:3      | Found an iron altar of Okawaru.
  1916 | D:3      | Gained mutation: Your body sometimes deteriorates upon taking damage. [potion of mutation]
  1916 | D:3      | Gained mutation: You are clumsy. (Dex -2) [potion of mutation]
  1916 | D:3      | Gained mutation: You have a pair of small horns on your head. [potion of mutation]
  1917 | D:3      | Lost mutation: Your body sometimes deteriorates upon taking damage. [potion of mutation]
  1917 | D:3      | Lost mutation: You are clumsy. (Dex -2) [potion of mutation]
  1917 | D:3      | Lost mutation: You have a pair of small horns on your head. [potion of mutation]
  1917 | D:3      | Gained mutation: Your spells are a little harder to cast, but a little more powerful. [potion of mutation]
  1917 | D:3      | Lost mutation: Your spells are a little harder to cast, but a little more powerful. [potion of mutation]
  1917 | D:3      | Gained mutation: You are resistant to hostile enchantments. (MR+) [potion of mutation]
  1917 | D:3      | Gained mutation: You have sharp toenails. [potion of mutation]
  1918 | D:3      | Lost mutation: You are resistant to hostile enchantments. (MR+) [potion of mutation]
  1918 | D:3      | Lost mutation: You have sharp toenails. [potion of mutation]
  1918 | D:3      | Gained mutation: You are partially covered in icy blue scales. (AC +2) [potion of mutation]
  1918 | D:3      | Gained mutation: You have sharp toenails. [potion of mutation]
  1918 | D:3      | Gained mutation: You are agile. (Dex +2) [potion of mutation]
  2034 | D:3      | Reached skill level 5 in Maces & Flails
  2170 | D:4      | Reached XP level 6. HP: 39/39 MP: 6/6
  2545 | D:4      | Reached skill level 5 in Fighting
  2591 | D:4      | Reached XP level 7. HP: 43/44 MP: 7/7
  2622 | D:4      | Found a shadowy altar of Dithmenos.
  3698 | D:3      | Became a worshipper of Warmaster Okawaru
  3742 | D:5      | Entered Level 5 of the Dungeon
  3784 | D:5      | Found a bloodstained altar of Trog.
  3786 | D:5      | Found an ancient bone altar of Kikubaaqudgha.
  3788 | D:5      | Found a glowing silver altar of Zin.
  3960 | D:5      | Reached XP level 8. HP: 40/51 MP: 8/8
  3981 | D:5      | Reached skill level 6 in Fighting
  4469 | D:5      | Found a staircase to the Ecumenical Temple.
  4737 | D:6      | Found a basalt altar of Yredelemnul.
  4867 | D:6      | Reached * piety under Okawaru
  5135 | D:6      | Found a shattered altar of Ashenzari.
  5472 | D:6      | Reached skill level 7 in Fighting
  5748 | D:7      | Found a stormy altar of Qazlal.
  5777 | D:7      | Reached XP level 9. HP: 57/57 MP: 9/9
  5907 | D:7      | Noticed zard0z's ghost (novice SpEn)
  5935 | D:7      | Killed zard0z's ghost
  5935 | D:7      | Reached ** piety under Okawaru
  5954 | D:7      | Found Haerud Zoddu's Weapon Shop.
  5970 | D:7      | Reached skill level 10 in Maces & Flails
  6285 | D:8      | Reached skill level 8 in Fighting
  6496 | D:8      | Noticed Gastronok
  6527 | D:8      | Killed Gastronok
  6527 | D:8      | Reached skill level 9 in Fighting
  6527 | D:8      | Reached skill level 5 in Armour
  6527 | D:8      | Reached XP level 10. HP: 52/66 MP: 10/10
  6581 | D:8      | Noticed Pikel
  6593 | D:8      | Killed Pikel
  6593 | D:8      | Reached *** piety under Okawaru
  6634 | D:8      | Found a sacrificial altar of Ru.
  6924 | D:8      | Found Isaaca's Gadget Emporium.
  7061 | D:9      | Noticed Maurice
  7085 | D:9      | Killed Maurice
  7310 | D:9      | Reached **** piety under Okawaru
  7320 | D:9      | Reached XP level 11. HP: 64/72 MP: 11/11
  7326 | D:9      | Reached skill level 10 in Fighting
  7328 | D:9      | Noticed a centaur warrior
  7337 | D:9      | Noticed gmonis's ghost (novice MiBe)
  7347 | D:9      | Killed a centaur warrior
  7382 | D:9      | Killed gmonis's ghost
  7382 | D:9      | Reached ***** piety under Okawaru
  7586 | D:9      | Found a runed door.
  7729 | D:9      | Noticed a two-headed ogre
  7741 | D:9      | Killed a two-headed ogre
  7741 | D:9      | Received a gift from Okawaru
  8001 | D:9      | Noticed Erica
  8020 | D:9      | Killed Erica
  8020 | D:9      | Reached skill level 11 in Fighting
  8394 | D:10     | Entered Level 10 of the Dungeon
  8502 | D:10     | Noticed Grum
  8503 | D:10     | Noticed a manticore
  8541 | D:10     | Killed Grum
  8603 | D:10     | Killed a manticore
  9023 | D:10     | Reached skill level 1 in Invocations
  9023 | D:10     | Reached XP level 12. HP: 80/80 MP: 12/12
  9370 | D:11     | Noticed a two-headed ogre
  9403 | D:11     | Killed a two-headed ogre
  9403 | D:11     | Received a gift from Okawaru
  9417 | D:11     | Identified a +0 pair of boots of running (Okawaru gifted it to you on level 11 of the Dungeon)
  9446 | D:11     | Noticed a four-headed hydra
  9446 | D:11     | Noticed a two-headed ogre
  9632 | D:10     | Killed a two-headed ogre
  9642 | D:10     | Killed a four-headed hydra
  9642 | D:10     | Reached skill level 12 in Fighting
  9830 | D:10     | Paralysed by something for 5 turns
  9902 | D:11     | Found a staircase to the Lair.
  9906 | D:11     | Reached skill level 10 in Shields
 10281 | D:11     | Found a staircase to the Orcish Mines.
 10389 | D:11     | Found Luett's Gadget Shoppe.
 10457 | Lair:1   | Entered Level 1 of the Lair of Beasts
 10490 | Lair:1   | Noticed a seven-headed hydra
 10541 | Lair:1   | Killed a seven-headed hydra
 10849 | Lair:1   | Noticed an eight-headed hydra
 10862 | Lair:1   | Killed an eight-headed hydra
 11094 | Lair:1   | Reached skill level 13 in Fighting
 11479 | Lair:2   | Reached XP level 13. HP: 67/88 MP: 13/13
 12377 | Lair:2   | Found a staircase to the Snake Pit.
 12510 | Lair:2   | Received a gift from Okawaru
 13475 | Lair:3   | Reached ****** piety under Okawaru
 13475 | Lair:3   | Received a gift from Okawaru
 13521 | Lair:3   | HP: 3/133 [six-headed hydra (5)]
 13526 | Lair:3   | HP: 2/133 [rime drake/flash freeze (11)]
 13539 | Lair:3   | Slain by a komodo dragon

Vault maps used:
D:1:      dpeg_arrival_tiny_c, nemelex_diamond_rough_becter
D:2:      uniq_jessica, uniq_natasha
D:3:      nicolae_overflow_hidden_temple, nicolae_dithmenos_shadow_blocks
D:4:      minmay_opposing_rooms, first_ration, lemuel_tele_altar
D:5:      minitemple, temple_fountains, st_stairs_7
D:6:      cheibrodos_ashenzari_chains, nicolae_overflow_crystal_walls
D:7:      grunt_qazlal_clouds, serial_shops, shop
D:8:      nicolae_ru_awakened_eye, serial_shops, nicolae_shop_waterfront,
          the_bakery, uniq_gastronok, uniq_pikel
D:9:      minmay_the_grid_square_5x5_4x4, uniq_maurice, uniq_erica
D:10:     kennysheep_big_flooded_room, uniq_grum
D:11:     lair_entry_dummy, david_orc_4, serial_shops, nicolae_shop_statue_plus
Lair:1:   beast_lair_carwin_large_4, st_stairs_4
Lair:2:   minmay_snake_entry_guardpost_small, special_room,
          infiniplex_staircase_pool_2
Lair:3:   minmay_swamp_entry_worms, portal_ice_cave_demonic_guard,
          beast_lair_carwin_3, lemuel_fruit_fields

Skill      XL: |  1  2  3  4  5  6  7  8  9 10 11 12 13 |
---------------+----------------------------------------+-----
Fighting       | 4 5 7 9 11 13 | 13.7
Maces & Flails | 3 4 5 6 7 9 10 11 12 | 12.9
Shields        | 6 7 9 11 12 | 12.4
Armour         | 5 6 7 8 9 |  9.2
Invocations    | 1 |  1.1
Evocations     | |  0.1

Action                   |  1- 3 |  4- 6 |  7- 9 | 10-12 | 13-15 || total
-------------------------+-------+-------+-------+-------+-------++-------
Melee: Flail             |    60 |       |       |       |       ||    60
       Whip              |    72 |   195 |   471 |  1140 |   527 ||  2405
       Kick              |       |    24 |   137 |   121 |       ||   282
Invok: Heroism           |       |       |     1 |     7 |     3 ||    11
 Abil: Evoke Flight      |       |       |       |     1 |     1 ||     2
  Use: Scroll            |     4 |     3 |     3 |    15 |       ||    25
       Potion            |       |     3 |     1 |     2 |    13 ||    19
 Stab: Invisible         |       |       |       |       |     2 ||     2
  Eat: Chunk             |       |     2 |     6 |     7 |     4 ||    19
       Ration            |       |     1 |     2 |     4 |     2 ||     9
Armor: Scale mail        |    64 |    46 |       |       |       ||   110
       Plate armour      |       |    44 |   292 |   509 |   232 ||  1077
       Skin              |       |       |       |       |    54 ||    54
Dodge: Dodged            |    34 |    26 |    60 |   153 |   109 ||   382
Block: Shield            |    71 |    77 |   200 |   523 |   398 ||  1269

Table legend:
 A = Spawn XP
 B = Non-spawn XP
 C = Spawn XP percentage of total XP
 D = Spawn monster count
 E = Non-spawn monster count
 F = Spawn count percentage of total count
 G = Total turns spent on level
                    A         B        C        D         E        F      G
               +---------+---------+-------+---------+---------+-------+---------
         Total |       0 |   42810 |   0.0 |       0 |     401 |   0.0 | 13539
               +---------+---------+-------+---------+---------+-------+---------
           D:1 |       0 |      45 |   0.0 |       0 |      25 |   0.0 |   706
           D:2 |       0 |     209 |   0.0 |       0 |      29 |   0.0 |   798
           D:3 |       0 |      40 |   0.0 |       0 |      14 |   0.0 |   692
           D:4 |       0 |     494 |   0.0 |       0 |      18 |   0.0 |  1546
           D:5 |       0 |     716 |   0.0 |       0 |      26 |   0.0 |   995
           D:6 |       0 |     573 |   0.0 |       0 |      19 |   0.0 |   746
           D:7 |       0 |    1287 |   0.0 |       0 |      22 |   0.0 |   691
           D:8 |       0 |    4249 |   0.0 |       0 |      40 |   0.0 |   846
           D:9 |       0 |    8509 |   0.0 |       0 |      54 |   0.0 |  1374
          D:10 |       0 |    4713 |   0.0 |       0 |      32 |   0.0 |  1395
          D:11 |       0 |    4242 |   0.0 |       0 |      30 |   0.0 |   668
        Lair:1 |       0 |    6143 |   0.0 |       0 |      32 |   0.0 |   981
        Lair:2 |       0 |    7881 |   0.0 |       0 |      49 |   0.0 |  1709
        Lair:3 |       0 |    3709 |   0.0 |       0 |      11 |   0.0 |   392
               +---------+---------+-------+---------+---------+-------+---------
